 Dungeon Crawl Stone Soup version 0.20.1-1-g8b1a95d (webtiles) character file.

212 Nattfarinn the Sneak (level 5, 0/31 HPs)
             Began as an Octopode Enchanter on Aug 2, 2017.
             Slain by an adder (2 damage)
             ... on level 2 of the Dungeon.
             The game lasted 00:03:54 (1688 turns).

Nattfarinn the Sneak (Octopode Enchanter)           Turns: 1688, Time: 00:03:55

Health: 0/31       AC:  1    Str:  8    XL:     5   Next: 89%
Magic:  8/8        EV: 19    Int: 16    God:
Gold:   70         SH:  0    Dex: 17    Spells: 2/8 levels left

rFire    . . .     SeeInvis .   a - +1 dagger
rCold    . . .     Gourm    .   (no shield)
rNeg     . . .     Faith    .   (helmet restricted)
rPois    .         Spirit   .   (no amulet)
rElec    .         Reflect  .   (no ring)
rCorr    .         Harm     .   (no ring)
MR       .....                  (no ring)
Stlth    +++++.....             (no ring)
Regen    0.1/turn               (no ring)
MPRegen  0.2/turn               (no ring)
                                (no ring)
                                (no ring)

@: agile, lethally poisoned (0 -> -7)
A: almost no armour, stealthy swim, amphibious, 8 rings, constrict 8, fangs 1,
camouflage 1, dopey 1, gelatinous body 1
a: no special abilities


You were on level 2 of the Dungeon.
You were not hungry.

You visited 1 branch of the dungeon, and saw 2 of its levels.

You collected 70 gold pieces.

Inventory:

Hand Weapons
 a - a +1 dagger (weapon)
Missiles
 d - 32 poisoned needles
Scrolls
 e - a scroll of enchant weapon {unknown}
 f - a scroll of enchant armour {unknown}
 g - 3 scrolls of identify {unknown}
 h - a scroll of teleportation {unknown}
 j - a scroll of remove curse {unknown}
 l - a scroll of blinking {unknown}
Potions
 n - a potion of mutation
Books
 b - a book of Maledictions

   Spells                             Type                      Level
   a - Corona                         Hexes                        1
   b - Ensorcelled Hibernation        Hexes/Ice                    2
   c - Confuse                        Hexes                        3
   d - Tukima's Dance                 Hexes                        3
   e - Dazzling Spray                 Conjuration/Hexes            3
Comestibles
 c - a bread ration
 i - 2 meat rations


   Skills:
 - Level 1.0 Short Blades
 - Level 2.0 Dodging
 + Level 6.5 Stealth
 - Level 2.0 Spellcasting
 * Level 5.2 Hexes


You had 2 spell levels left.
You knew the following spells:

 Your Spells              Type           Power        Failure   Level  Hunger
a - Corona                Hex            ###....      2%          1    #......
b - Ensorcelled Hibernat  Hex/Ice        #.....       11%         2    ###....
c - Confuse               Hex            ###.....     7%          3    ###....


Dungeon Overview and Level Annotations

Branches:
Dungeon (2/15)

Altars:

Annotations:
D:2 Terence


Innate Abilities, Weirdness & Mutations

You cannot wear most types of armour.
You are very stealthy in the water. (Stealth+)
You are amphibious.
You can wear up to eight rings at the same time.
You can use your tentacles to constrict eight enemies at once.
Your skin changes colour to match your surroundings (Stealth+).
Your rubbery body absorbs attacks. (AC +1, EV +1)
You have very sharp teeth.
You are dopey. (Int -2)


Message History

It was a potion of curing.
You feel better. The adder closely misses you.
You miss the adder. Your grab misses the adder. The adder bites you.
* * * LOW HITPOINT WARNING * * *
You barely miss the adder. Your grab misses the adder. You squeeze the adder.
The adder is moderately wounded.
The adder bites you.
* * * LOW HITPOINT WARNING * * *
You are poisoned.
The adder poisons you! The adder barely misses you.
It was a potion of agility.
You feel agile all of a sudden.
You feel sick. The adder bites you.
* * * LOW HITPOINT WARNING * * *
You are more poisoned.
The adder poisons you!
You miss the adder. Your grab misses the adder.
The adder is moderately wounded.
* * * LOW HITPOINT WARNING * * *
You feel sick. The adder bites you.
You die...

(.. #........................
. #####.####)##.......#....
.. #.# #..#............ ...
#.# ##.#.........### ..g. #.#
#.#............ ....#####.#
#..............
..........######(###.#.#.....
..........r##....###.#.#.....
.%........KS@........#.#####.
..........g##...#.####.# #.
r..........##...#..# #.# #.
.....!.....#######.###.# #.
...........##........#.# #.
.....########........#.# #.
..### #........#.# ## .
#.....P..#.## #...P.P.....#


You could see an adder, a quokka, a goblin and a kobold.

Vanquished Creatures
  Sigmund (D:2)
  3 adders (D:2)
  A worm (D:2)
  3 leopard geckos
  4 bats
  5 hobgoblins
  A quokka (D:2)
  A goblin (D:2)
  4 kobolds
  5 rats
28 creatures vanquished.

Notes
Turn   | Place    | Note
-------+----------+-------------------------------------------
     0 | D:1      | Nattfarinn the Octopode Enchanter began the quest for the Orb.
     0 | D:1      | Reached XP level 1. HP: 11/11 MP: 3/3
   197 | D:1      | Reached XP level 2. HP: 17/17 MP: 5/5
   572 | D:2      | Noticed Sigmund
   582 | D:2      | Learned a level 2 spell: Ensorcelled Hibernation
   593 | D:2      | Killed Sigmund
   593 | D:2      | Reached skill level 6 in Stealth
   593 | D:2      | Reached XP level 3. HP: 5/21 MP: 6/6
   593 | D:2      | Reached XP level 4. HP: 6/27 MP: 7/7
   593 | D:2      | Reached XP level 5. HP: 7/31 MP: 8/8
   853 | D:2      | Learned a level 3 spell: Confuse
   903 | D:2      | Reached skill level 5 in Hexes
  1460 | D:2      | Noticed Terence
  1683 | D:2      | Gained mutation: You are dopey. (Int -2) [potion of mutation]
  1683 | D:2      | Gained mutation: You have supernaturally acute eyesight. (SInv) [potion of mutation]
  1683 | D:2      | Lost mutation: You have supernaturally acute eyesight. (SInv) [potion of mutation]
  1683 | D:2      | Gained mutation: You have very sharp teeth. [potion of mutation]
  1688 | D:2      | Slain by an adder

Skill      XL: |  1  2  3  4  5 |
---------------+----------------+-----
Stealth        | 6 |  6.5
Hexes          | 4 5 |  5.2
Short Blades   | |  1.0
Dodging        | |  2.0
Spellcasting   | |  2.0

Action                   |  1- 3 |  4- 6 || total
-------------------------+-------+-------++-------
Melee: Dagger            |    22 |    54 ||    76
       Constrict         |     4 |    12 ||    16
       Tentacles         |     4 |    11 ||    15
  Use: Potion            |       |     3 ||     3
 Stab: Sleeping          |     5 |     2 ||     7
       Distracted        |       |     1 ||     1
  Eat: Chunk             |       |     2 ||     2
Armor: Skin              |     1 |     4 ||     5
Dodge: Dodged            |    12 |    50 ||    62
